 Dungeon Crawl Stone Soup version 0.15.2 (webtiles) character file.

184 Heini the Covered (level 5, -10/48 HPs)
             Began as a Minotaur Fighter on Mar 8, 2015.
             Splashed by a jelly's acid (13 damage)
             ... on Level 2 of the Dungeon.
             The game lasted 00:04:32 (1715 turns).

Heini the Covered (Minotaur Fighter)                Turns: 1715, Time: 00:04:33

HP -10/48        AC -2     Str 21      XL: 5   Next: 36%
MP   2/2         EV  6     Int  5      God:
Gold 91          SH  9     Dex 10      Spells:  0 memorised,  4 levels left

rFire  . . .     SeeInvis .     a - +0 flail
rCold  . . .     Clarity  .     b - +0 scale mail
rNeg   . . .     rCorr    .     c - +0 shield
rPois  .         rRot     .     (helmet restricted)
rElec  .         Spirit   .     (no cloak)
SustAb .         Warding  .     (no gloves)
rMut   .         Stasis   .     (no boots)
Gourm  .                        (no amulet)
MR     .....                    (no ring)
                                (no ring)

@: corroded equipment, not resistant to hostile enchantments, extremely
unstealthy
A: retaliatory headbutt, horns 2
a: no special abilities


You were on level 2 of the Dungeon.
You were not hungry.

You visited 1 branch of the dungeon, and saw 3 of its levels.

You collected 91 gold pieces.

Inventory:

Hand weapons
 a - a +0 flail (weapon)
Armour
 b - a +0 scale mail (worn)
 c - a +0 shield (worn)
Comestibles
 d - 2 bread rations
 t - 3 chunks of gnoll flesh
Scrolls
 f - 5 scrolls of remove curse {unknown}
 g - a scroll of recharging {unknown}
 h - a scroll of amnesia {unknown}
 k - a scroll of enchant weapon {unknown}
 l - a scroll of magic mapping {unknown}
 m - a scroll of enchant armour {unknown}
 n - a scroll of immolation {unknown}
 p - a scroll of teleportation {unknown}
 r - a scroll of identify {unknown}
Jewellery
 q - an uncursed amulet of resist corrosion {unknown}
Potions
 e - 2 potions of might
 i - a potion of lignification {unknown}
 j - a potion of cancellation {unknown}
 o - 2 potions of curing {unknown}


   Skills:
 * Level 5.3 Fighting
 * Level 3.7 Maces & Flails
 * Level 5.5 Armour
 - Level 3.6 Shields


You had 4 spell levels left.
You didn't know any spells.

Dungeon Overview and Level Annotations

Branches:
Dungeon (3/15)

Altars:
Makhleb
Qazlal
Vehumet


Innate Abilities, Weirdness & Mutations

You reflexively headbutt those who attack you in melee.
You have a pair of horns on your head.


Message History

You hear a slurping noise.
The jelly splits in two!
You block the jelly's attack.
You climb upwards.
There is a stone staircase leading down here.
You hit the jelly. You headbutt the jelly!
The jelly is heavily wounded.
The jelly hits you but does no damage.
You hear a slurping noise.
You block the jelly's attack.
Your scale mail prevents you from hitting the jelly.
The jelly is heavily wounded.
The jelly hits you but does no damage. The jelly hits you.
* * * LOW HITPOINT WARNING * * *
You are splashed with acid!
The acid burns!
* * * LOW HITPOINT WARNING * * *
You block the jelly's attack. The jelly hits you.
* * * LOW HITPOINT WARNING * * *
You are splashed with acid!
The acid corrodes your equipment!
The acid burns!
You die...

# ###..#######.....## §§§§§ #
#.........#.......## ###§§§§§§
###.#...###.%......<.####.#§§§§§§
...............))....'....#§§§§§§
###.#...###..........####.##§§§§§
#.#...# #.#......<## ##.#§§§§§
#.###.# #.##....%## ####§§§§ #.#
#.# #.###.JJ## #.##§§§
#.###.###.####@## #..###§
#..........).#.# #...###
#####..#####.#.# #.#.#
#..#####.#.## #.#.#
#..|...#....## #.#.#
##.###.......# #...# #.#
###....#########.###
#.#####.#............#
#.......#.############


You could see 2 jellies.

Vanquished Creatures
  An orc priest (D:3)
  An orc wizard (D:3)
  2 adders (D:2)
  3 gnolls (D:2)
  2 worms (D:2)
  A giant gecko (D:1)
  An ooze (D:2)
  5 orcs (D:3)
  2 giant cockroaches
  2 goblins
  3 hobgoblins
  12 jackals
  9 kobolds
  10 bats
  2 giant newts
  2 quokkas (D:2)
  2 rats (D:1)
60 creatures vanquished.

Notes
Turn   | Place    | Note
--------------------------------------------------------------
     0 | D:1      | Heini, the Minotaur Fighter, began the quest for the Orb.
     0 | D:1      | Reached XP level 1. HP: 19/19 MP: 1/1
    56 | D:1      | Reached skill level 4 in Armour
    57 | D:1      | Reached XP level 2. HP: 24/27 MP: 1/1
   459 | D:1      | Reached XP level 3. HP: 31/33 MP: 2/2
   816 | D:2      | Found a radiant altar of Vehumet.
   865 | D:2      | Found a burning altar of Makhleb.
  1048 | D:2      | Found a stormy altar of Qazlal.
  1322 | D:2      | Reached XP level 4. HP: 41/41 MP: 2/2
  1535 | D:2      | Reached skill level 5 in Fighting
  1548 | D:2      | Reached skill level 5 in Armour
  1685 | D:3      | Reached XP level 5. HP: 32/48 MP: 2/2
  1715 | D:2      | Splashed by a jelly's acid

Action                   |  1- 3 |  4- 6 || total
-------------------------+-------+-------++-------
Melee: Flail             |    92 |    55 ||   147
  Eat: Chunk             |       |     3 ||     3
